 Dungeon Crawl Stone Soup version 0.24.1-5-g77f818bfca (webtiles) character file.

Game seed: 5825513442013915313, levelgen mode: deterministic

206 nightchill the Ruffian (level 5, -8/53 HPs)
             Began as an Ogre Transmuter on Apr 24, 2020.
             Mangled by a gnoll
             ... wielding a +0 halberd
              (10 damage)
             ... on level 3 of the Dungeon.
             The game lasted 00:07:00 (3695 turns).

nightchill the Ruffian (Ogre Transmuter)            Turns: 3695, Time: 00:07:00

Health: -8/53      AC:  3    Str: 15    XL:     5   Next: 84%
Magic:  8/8        EV: 10    Int: 14    God:
Gold:   99         SH:  0    Dex:  9    Spells: 1/8 levels left

rFire    + . .     SeeInvis .     - Unarmed
rCold    + . .     Gourm    .   (no shield)
rNeg     . . .     Faith    .   b - +0 robe
rPois    .         Spirit   .   (helmet restricted)
rElec    .         Reflect  .   n - scarf {rC+ rF+}
rCorr    .         Harm     .   (gloves unavailable)
MR       .....                  (boots unavailable)
Stlth    +.........             (no amulet)
HPRegen  0.17/turn              (no ring)
MPRegen  0.11/turn              (no ring)

@: no status effects
A: large, unfitting armour, tough skin 1
a: no special abilities


You were on level 3 of the Dungeon.
You were not hungry.

You visited 1 branch of the dungeon, and saw 3 of its levels.

You collected 99 gold pieces.

Inventory:

Missiles
 a - 52 arrows
 e - 77 stones (quivered)
Armour
 b - a +0 robe (worn)
 n - a scarf of resistance (worn)
Jewellery
 l - an uncursed amulet of faith {unknown}
Scrolls
 g - 2 scrolls of teleportation {unknown}
 h - 6 scrolls of identify {unknown}
 i - a scroll of enchant armour {unknown}
Potions
 c - a potion of haste {unknown}
 f - a potion of curing
 j - 3 potions of agility {unknown}
 k - a potion of mutation {unknown}
 m - a potion of flight {unknown}
Comestibles
 d - 5 rations
 o - 3 chunks of flesh


   Skills:
 + Level 3.3 Fighting
 - Level 1.7 Dodging
 * Level 4.1 Unarmed Combat
 - Level 2.4 Spellcasting
 * Level 3.6 Transmutations


You had one spell level left.
You knew the following spells:

 Your Spells              Type           Power        Failure   Level  Hunger
a - Beastly Appendage     Tmut           ##....       5%          1    #......
b - Sticks to Snakes      Tmut           ##......     8%          2    ###....
c - Ice Form              Ice/Tmut       #.......     71%         4    #####..

Your spell library contained the following spells:

 Spells                   Type           Power        Failure   Level  Hunger
 Spider Form              Tmut/Pois      #.........   32%         3    ###....
 Blade Hands              Tmut           ##........   82%         5    ######.


Dungeon Overview and Level Annotations

Branches:
Dungeon (3/15)

Altars:
Ashenzari
Hepliaklqana
Nemelex Xobeh
Xom


Innate Abilities, Weirdness & Mutations

You are too large for most types of armour.
You have tough skin. (AC +1)


Message History

You barely miss the gnoll.
The gnoll is severely wounded.
The gnoll hits you from afar with a +0 halberd.
The gnoll hits you with a +0 club.
* * * LOW HITPOINT WARNING * * *
You closely miss the gnoll.
The gnoll is severely wounded.
The gnoll barely misses you. The gnoll hits you but does no damage.
You closely miss the gnoll.
The gnoll is severely wounded.
The gnoll barely misses you. The gnoll hits you with a +0 club.
* * * LOW HITPOINT WARNING * * *
You barely miss the gnoll.
The gnoll is severely wounded.
You hit the gnoll.
You kill the gnoll!
The gnoll hits you from afar with a +0 halberd!
* * * LOW HITPOINT WARNING * * *
The gnoll hits you with a +0 halberd!
You die...

#.# #.# #.#
#.# #.# #.#
#g# #@# #)#
#.# #.# #.#
#######.###
#.........#
#.#########
#.#


You could see a gnoll.

Vanquished Creatures
  A centaur (D:2)
  3 adders
  3 gnolls (D:3)
  An ooze (D:2)
  3 dart slugs
  2 leopard geckos (D:1)
  2 orcs (D:3)
  5 giant cockroaches (D:2)
  5 hobgoblins
  4 jackals (D:1)
  2 quokkas (D:2)
  9 bats
  3 frilled lizards
  8 goblins
  9 kobolds
  4 rats
64 creatures vanquished.

Vanquished Creatures (others)
  4 toadstools (D:1)
4 creatures vanquished.

Grand Total: 68 creatures vanquished

Notes
Turn   | Place    | Note
-------+----------+-------------------------------------------
     0 | D:1      | nightchill the Ogre Transmuter began the quest for the Orb.
     0 | D:1      | Reached XP level 1. HP: 19/19 MP: 3/3
   368 | D:1      | Reached XP level 2. HP: 25/28 MP: 3/5
   404 | D:1      | Learned a level 2 spell: Sticks to Snakes
   477 | D:1      | Reached skill level 3 in Unarmed Combat
  1587 | D:1      | Reached XP level 3. HP: 20/35 MP: 4/6
  2560 | D:2      | Reached XP level 4. HP: 37/44 MP: 5/7
  2956 | D:2      | Learned a level 4 spell: Ice Form
  2991 | D:2      | Noticed a centaur
  3004 | D:2      | Killed a centaur
  3004 | D:2      | Reached skill level 4 in Unarmed Combat
  3004 | D:2      | Reached XP level 5. HP: 12/53 MP: 8/8
  3414 | D:2      | Found a shimmering altar of Xom.
  3427 | D:2      | Found a sparkling altar of Nemelex Xobeh.
  3427 | D:2      | Found a shimmering altar of Xom.
  3429 | D:2      | Found a shadowy altar of Dithmenos.
  3429 | D:2      | Found a shattered altar of Ashenzari.
  3429 | D:2      | Found a hazy altar of Hepliaklqana.
  3694 | D:3      | HP: 2/53 [gnoll/+0 halberd (7)]
  3695 | D:3      | Mangled by a gnoll

Levels and vault maps discovered:
D:1:      ldierk_walled_garden_2, layout_loops_ring, minmay_misc_feat_rugged,
          minmay_misc_feat_four_crosses, fountainhead
D:2:      minmay_razor_zed, layout_rooms, first_ration, doesnt_xom_only_xom
D:3:      layout_basic, okawaru_metal_pillars_1_2, ebering_ghost_sewer_f

Skill      XL: |  1  2  3  4 |
---------------+-------------+-----
Transmutations | 2 3 |  3.6
Unarmed Combat | 3 4 |  4.1
Fighting       | 2 3 |  3.3
Dodging        | |  1.7
Spellcasting   | |  2.4

Action                   |  1- 3 |  4- 6 || total
-------------------------+-------+-------++-------
Melee: Unarmed           |   160 |   113 ||   273
       Headbutt          |     8 |     7 ||    15
       Kick              |     5 |     5 ||    10
       Punch             |       |     1 ||     1
Throw: Stone             |       |     1 ||     1
 Cast: Beastly Appendage |    17 |    11 ||    28
  Use: Potion            |     1 |       ||     1
  Eat: Chunk             |     4 |     5 ||     9
Armor: Robe              |    68 |    30 ||    98
Dodge: Dodged            |   118 |    62 ||   180
